 Dungeon Crawl Stone Soup version 0.31-a0-1424-g2add1c7226 (webtiles) character file.

Game seed: 11496884679493564042

2768 jt the Grappler (level 9, -3/88 HPs)
             Began as a Troll Warper on Dec 26, 2023.
             Was a Believer of Nemelex Xobeh.
             Slain by a manticore (7 damage)
             ... on level 8 of the Dungeon.
             The game lasted 00:18:32 (5717 turns).

jt the Grappler (Troll Warper)                      Turns: 5717, Time: 00:18:40

Health: -3/88      AC:  4    Str: 23    XL:     9   Next: 42%
Magic:  10/10      EV:  9    Int: 11    God:    Nemelex Xobeh [**....]
Gold:   390        SH:  0    Dex:  9    Spells: 8/10 levels left

rFire   . .          .
                       - Unarmed
rCold   . . .        (no shield)
rNeg    . . .        a - +0 robe
rPois   .            (helmet currently unavailable)
rElec   .            (cloak currently unavailable)
rCorr   .            (gloves unavailable)
SInv    +            (boots unavailable)
Will    .....        (no amulet)
Stlth   +            t - ring of wizardry
HPRegen 1.14/turn    F - ring of see invisible
MPRegen 0.12/turn

%: wizardry (x1)
@: beast-form, spiked, invisible
A: beast (slay +2), large, unfitting armour, claws 3, regeneration 1, shaggy fur
1, tough skin 1
a: Begin Untransformation, Renounce Religion, Draw Escape, Draw Destruction,
Draw Summoning


You were on level 8 of the Dungeon.
You worshipped Nemelex Xobeh.
Nemelex Xobeh was pleased with you.
You were a hulking beast.
You visited 2 branches of the dungeon, and saw 9 of its levels.
You also visited: Sewer.

You collected 390 gold pieces.

Inventory:

Hand Weapons
 j - a +2 dagger of electrocution
 k - a +0 sling
 r - a +0 spear of draining
 u - a +0 morningstar
 y - a +6 scythe of venom
 E - the +12 dagger of Vuidghod {freeze, Will+}
   (You found it on level 6 of the Dungeon)

   Will+:     It increases your willpower.
 G - a +0 orcbow
Missiles
 c - 7 darts of dispersal
 d - 3 javelins
 i - 71 stones
 l - 4 poisoned darts (quivered)
 o - 6 datura-tipped darts
 x - 2 boomerangs
 B - 3 large rocks
Armour
 a - a +0 robe (worn)
Jewellery
 t - a ring of wizardry (left claw)
 F - a ring of see invisible (right claw)
Talismans
 n - a beast talisman (active)
 H - a serpent talisman
 I - a maw talisman
Scrolls
 b - 2 scrolls of blinking
 e - a scroll of brand weapon
 f - 3 scrolls of vulnerability
 h - 2 scrolls of noise
 m - 3 scrolls of teleportation
 w - 2 scrolls of fear
 A - a scroll of enchant armour {unknown}
 C - a scroll of poison
 D - a scroll of amnesia {unknown}
Potions
 g - a potion of ambrosia
 p - 2 potions of curing
 q - a potion of berserk rage
 s - 4 potions of heal wounds
 z - 3 potions of might


   Skills:
 - Level 5.0 Fighting
 - Level 2.0 Throwing
 - Level 1.9 Dodging
 - Level 1.0 Stealth
 + Level 9.2 Unarmed Combat
 - Level 1.2 Spellcasting
 - Level 2.1 Translocations
 - Level 3.4 Invocations
 + Level 4.8 Shapeshifting


You had 8 spell levels left.
You knew the following spells:

 Your Spells              Type           Power      Damage    Failure   Level
a - Blink                 Tloc           10%        N/A       8%          2

Your spell library contained the following spells:

 Spells                   Type           Power      Damage    Failure   Level
 Lesser Beckoning         Tloc           10%        N/A       8%          2
 Foxfire                  Conj/Fire      0%         2x1d4     13%         1
 Teleport Other           Tloc           5%         N/A       16%         3
 Call Canine Familiar     Summ           0%         N/A       34%         3
 Sigil of Binding         Hex            0%         N/A       34%         3
 Summon Guardian Golem    Hex/Summ       0%         N/A       34%         3
 Manifold Assault         Tloc           5%         N/A       43%         4
 Dimensional Bullseye     Hex/Tloc       1%         N/A       58%         4
 Vhi's Electric Charge    Tloc/Air       6%         N/A       58%         4
 Plasma Beam              Fire/Air       0%         2x1d10    100%        6
 Starburst                Conj/Fire      0%         6d3       100%        6
 Orb of Destruction       Conj           0%         9d5       100%        7
 Spellforged Servitor     Conj/Summ      0%         N/A       100%        7


Dungeon Overview and Level Annotations

Branches:
Dungeon (8/15)             Temple (1/1) D:7           Sewer (visited)
   Lair: D:8-11

Altars:
Ashenzari
Cheibriados
Dithmenos
Elyvilon
Gozag
Hepliaklqana
Kikubaaqudgha
Makhleb
Nemelex Xobeh
Okawaru
Qazlal
Ru
Sif Muna
Trog
Uskayaw
Vehumet
Wu Jian
Xom
Yredelemnul
Zin
The Shining One

Shops:
D:5 =   D:6 :

Annotations:
D:4 exclusion: sleepcap
D:7 3 runed translucent doors, mopl's ghost, novice DjSh


Innate Abilities, Weirdness & Mutations

You are a hulking beast.
Your limbs bulge with bestial killing power. (Slay +2)
You are too large for most types of armour.
You have claws for hands.
Your natural rate of healing is unusually fast.
You are covered in fur. (AC +1)
You have tough skin. (AC +1)


Message History

You feel much better.
Throw: 7 darts (poison)
Press: ? - help, Q - select action, (/) - cycle Shift-Dir - straight line, f/p - manticore
Aim: a manticore (unable to see you, 70% to hit)
You throw a poisoned dart. The poisoned dart hits the manticore.
The manticore is poisoned.
Throw: 6 darts (poison)
Press: ? - help, Q - select action, (/) - cycle Shift-Dir - straight line, f/p - manticore
Aim: a manticore (unable to see you, poisoned, 70% to hit)
You throw a poisoned dart. The poisoned dart hits the manticore.
The manticore flicks its tail.
The volley of spikes skewers you!
The barbed spikes become lodged in your body.
Throw: 5 darts (poison)
Press: ? - help, Q - select action, (/) - cycle Shift-Dir - straight line, f/p - manticore
Aim: a manticore (lightly wounded, unable to see you, poisoned, 70% to hit)
You throw a poisoned dart. The poisoned dart hits the manticore.
The manticore looks even sicker.
The manticore is lightly wounded.
You mangle the manticore!!
The manticore is moderately wounded.
The manticore closely misses you. The manticore claws you.
The manticore closely misses you.
You catch the helpless manticore completely off-guard!
You scratch the manticore but do no damage.
The manticore is moderately wounded.
You completely miss the manticore.
The manticore is moderately wounded.
The manticore bites you!!
* * * LOW HITPOINT WARNING * * *
The manticore claws you.
* * * LOW HITPOINT WARNING * * *
The manticore barely misses you.
You scratch the manticore.
The manticore is heavily wounded.
The manticore bites you!!
* * * LOW HITPOINT WARNING * * *
The manticore claws you!
You die...
Your body disappears without a glow.

.........## .#
#...#....# .#
#.####...## ##.# .##
###.>######..## # .###
###.....##....###.# ...#
#..................
......................#
#....#................##
....##.........h.......
# ..............H.#####.
..............##.(#
.........##.......(#
........# ###......(#
...#. .# ##.$..... #...
#....... ..^......


You could see a manticore (unable to see you, very poisoned).

Vanquished Creatures
  Sigmund (D:5)
  A water moccasin (D:7)
  5 black bears
  3 ice beasts
  A crocodile (Sewer)
  3 centaurs
  A phantom (D:6)
  Blork the orc (D:5)
  A brain worm (Sewer)
  A kobold brigand (D:7)
  A bullfrog (D:6)
  7 scorpions
  3 bombardier beetles
  An orc priest (D:7)
  4 hounds
  A jelly (D:7)
  A sleepcap (D:7)
  2 iguanas
  3 orc wizards (D:5)
  7 gnolls
  8 adders
  A river rat (D:3)
  A shadow imp (D:6)
  3 worms
  A dart slug (D:5)
  5 orcs
  21 ball pythons
  6 endoplasms
  6 giant cockroaches
  5 goblins
  6 hobgoblins
  6 jackals
  8 quokkas
  10 bats
  2 frilled lizards
  9 kobolds
  5 rats
151 creatures vanquished.

Notes
Turn   | Place    | Note
-------+----------+-------------------------------------------
     0 | D:1      | jt the Troll Warper began the quest for the Orb.
     0 | D:1      | Reached XP level 1. HP: 19/19 MP: 1/1
   155 | D:1      | Reached skill level 1 in Stealth
   155 | D:1      | Reached XP level 2. HP: 27/27 MP: 2/2
   540 | D:2      | Reached XP level 3. HP: 33/33 MP: 3/3
   564 | D:2      | Found a glowing silver altar of Zin.
   868 | D:2      | Identified the +2 pair of boots of Vebbaebebb {rPois Str-4
                  | Int+6}
   917 | D:2      | Learned a level 2 spell: Blink
   941 | D:2      | Reached skill level 3 in Unarmed Combat
  1467 | D:3      | Found a glowing drain.
  1498 | Sewer    | Entered a sewer
  1523 | Sewer    | Noticed a brain worm
  1533 | Sewer    | Killed a brain worm
  1534 | Sewer    | Reached skill level 1 in Shapeshifting
  1534 | Sewer    | Reached XP level 4. HP: 42/42 MP: 4/4
  1540 | Sewer    | Noticed a crocodile
  1571 | Sewer    | Killed a crocodile
  1572 | Sewer    | Reached skill level 4 in Unarmed Combat
  1572 | Sewer    | Reached XP level 5. HP: 48/50 MP: 5/5
  1691 | D:3      | Reached XP level 6. HP: 51/61 MP: 6/6
  2066 | D:4      | Reached skill level 1 in Throwing
  2353 | D:4      | Reached skill level 5 in Unarmed Combat
  2361 | D:4      | Reached XP level 7. HP: 57/68 MP: 7/7
  2659 | D:4      | Found a sacrificial altar of Ru.
  2992 | D:5      | Entered Level 5 of the Dungeon
  2992 | D:5      | Found Tiraq's Jewellery Emporium.
  3011 | D:5      | Reached skill level 6 in Unarmed Combat
  3104 | D:5      | Found a shimmering blue altar of Sif Muna.
  3104 | D:5      | Found a sparkling altar of Nemelex Xobeh.
  3104 | D:5      | Found an ornate altar of the Wu Jian Council.
  3104 | D:5      | Found a hazy altar of Hepliaklqana.
  3105 | D:5      | Found an ancient bone altar of Kikubaaqudgha.
  3105 | D:5      | Found a glowing silver altar of Zin.
  3105 | D:5      | Found a broken altar of Ashenzari.
  3106 | D:5      | Found a hide-covered altar of Uskayaw.
  3106 | D:5      | Found an iron altar of Okawaru.
  3107 | D:5      | Found a burning altar of Makhleb.
  3108 | D:5      | Found a bloodstained altar of Trog.
  3108 | D:5      | Found a shadowy altar of Dithmenos.
  3112 | D:5      | Found a stormy altar of Qazlal.
  3118 | D:5      | Became a worshipper of Nemelex Xobeh the Trickster
  3202 | D:5      | Noticed Sigmund
  3215 | D:5      | Killed Sigmund
  3216 | D:5      | Reached XP level 8. HP: 64/79 MP: 8/8
  3378 | D:5      | Reached skill level 5 in Fighting
  3626 | D:5      | Reached * piety under Nemelex Xobeh
  3628 | D:5      | Received a gift from Nemelex Xobeh
  3781 | D:5      | Reached skill level 7 in Unarmed Combat
  3827 | D:5      | Noticed Blork the orc
  3840 | D:5      | Killed Blork the orc
  4373 | D:6      | Reached skill level 1 in Invocations
  4425 | D:6      | Found Ytaikapuqo's Self-Improvement Boutique.
  4493 | D:6      | Reached skill level 8 in Unarmed Combat
  4715 | D:6      | Identified the +12 dagger of Vuidghod {freeze, Will+}
  4778 | D:6      | Reached XP level 9. HP: 72/88 MP: 9/9
  4968 | D:7      | Reached ** piety under Nemelex Xobeh
  5199 | D:7      | Reached skill level 9 in Unarmed Combat
  5309 | D:7      | Found a staircase to the Ecumenical Temple.
  5314 | Temple   | Entered the Ecumenical Temple
  5432 | D:7      | Found a runed translucent gate.
  5432 | D:7      | Found a runed translucent gate.
  5432 | D:7      | Found a runed translucent gate.
  5433 | D:7      | Noticed a kobold demonologist
  5434 | D:7      | Noticed mopl's ghost (novice DjSh)
  5703 | D:8      | Noticed a manticore
  5708 | D:8      | Received a gift from Nemelex Xobeh
  5717 | D:8      | HP: 4/88 [manticore (22)]
  5717 | D:8      | Slain by a manticore

Illustrated notes

Levels and vault maps discovered:
D:1:      dpeg_arrival_rooms_with_view, layout_rooms,
          ebering_dispersal_statue_hall, minmay_misc_feat_rows
D:2:      layout_loops_corners, basic_altar, hex_medium, grunt_ministairs_15
D:3:      layout_basic, mainiacjoe_sewer_entry_somewhere_in_here_1
D:4:      layout_cave_pods, nicolae_ru_awakened_eye, minmay_three_crescents
D:5:      layout_layer_cave, nicolae_overflows_in_rows, serial_shops,
          nicolae_shop_advertising_works [nicolae_subvault_shop_adworks],
          uniq_sigmund, uniq_blork_the_orc
D:6:      layout_gridville, nicolae_shop_self_help
D:7:      layout_rooms, minmay_temple_entry_nine_rooms,
          gammafunk_ghost_nasty_kobolds
D:8:      layout_layer_cave, erik_lair_orcish_takeover,
          gammafunk_ghost_gnarly_gnolls
Temple:   nicolae_temple_ecumenical_triangle

Skill      XL: |  1  2  3  4  5  6  7  8  9 |
---------------+----------------------------+-----
Stealth        | 1 |  1.0
Unarmed Combat | 3 4 5 6 8 9 |  9.2
Fighting       | 2 3 4 5 |  5.0
Shapeshifting  | 1 2 3 4 |  4.8
Throwing       | 2 |  2.0
Invocations    | 2 3 |  3.4
Dodging        | |  1.9
Spellcasting   | |  1.2
Translocations | |  2.1

Action                     |  1- 3 |  4- 6 |  7- 9 || total
---------------------------+-------+-------+-------++-------
  Melee: Unarmed           |   117 |    59 |   205 ||   381
         Punch             |     3 |     2 |     9 ||    14
   Fire: Sling             |     2 |       |       ||     2
         Orcbow            |       |       |     3 ||     3
  Throw: Javelin           |     2 |     1 |     6 ||     9
         Dart              |       |    12 |    57 ||    69
         Stone             |       |     4 |       ||     4
   Cast: Blink             |       |     1 |       ||     1
    Use: Scroll            |     4 |     3 |     2 ||     9
         Potion            |       |     4 |     3 ||     7
   Stab: Sleeping          |     3 |     1 |       ||     4
         Invisible         |       |       |     2 ||     2
 Armour: Robe              |    67 |    45 |   148 ||   260
  Dodge: Dodged            |    38 |    18 |    82 ||   138
   Form: Beast             |     1 |       |       ||     1

Table legend: (Time is in decaauts)
 A = Elapsed time spent in this place.
 B = Non-inter-level travel time spent in this place.
 C = Inter-level travel time spent in this place.
 D = Time resting spent in this place.
 E = Time spent auto-exploring this place.
 F = Levels seen in this place.
 G = Mean time per level.
                   A        B        C        D        E       F      G
               +--------+--------+--------+--------+--------+-----+--------+
         Total |   5689 |   5430 |    259 |    171 |   3191 |  10 |  568.9 |
       Dungeon |   5529 |   5270 |    259 |    150 |   3156 |   8 |  691.1 |
        Temple |      1 |      1 |      0 |      0 |      0 |   1 |    1.0 |
         Sewer |    158 |    158 |      0 |     20 |     35 |   1 |  158.0 |
               +--------+--------+--------+--------+--------+-----+--------+

Top non-repeatable levels by time:
     D:5: 1384 daAuts
     D:2: 929 daAuts
     D:4: 928 daAuts
     D:7: 638 daAuts
     D:6: 533 daAuts
     D:3: 519 daAuts
     D:1: 454 daAuts
   Sewer: 158 daAuts
     D:8: 141 daAuts
  Temple: 1 daAuts
